 Dungeon Crawl Stone Soup version 0.28.0-47-ge53b351184 (webtiles) character file.

Game seed: 13671634594341782489

35 Gabide the Grave Robber (level 3, -1/26 HPs)
             Began as a Mummy Necromancer on Apr 28, 2022.
             Slain by a gnoll
             ... wielding a +0 spear
              (4 damage)
             ... on level 1 of the Dungeon.
             The game lasted 00:01:34 (1485 turns).

Gabide the Grave Robber (Mummy Necromancer)         Turns: 1485, Time: 00:01:37

Health: -1/26      AC:  2    Str: 11    XL:     3   Next: 16%
Magic:  0/7        EV: 12    Int: 16    God:
Gold:   8          SH:  0    Dex: 12    Spells: 7/8 levels left

rFire   x . .      SeeInvis .   (no weapon)
rCold   + . .      Faith    .   (no shield)
rNeg    + + +      Spirit   .   a - +0 robe
rPois   ∞          Reflect  .   (no helmet)
rElec   .          Harm     .   (no cloak)
rCorr   .          Rampage  .   (no gloves)
Will    .....                   (no boots)
Stlth   ++........              (no amulet)
HPRegen 0.08/turn               (no ring)
MPRegen 0.10/turn               (no ring)

@: very slightly contaminated
A: cold resistance 1, negative energy resistance 3, torment resistance 2, heat
vulnerability 1, no potions
a: no special abilities


You were on level 1 of the Dungeon.
You visited 1 branch of the dungeon, and saw 2 of its levels.

You collected 8 gold pieces.

Inventory:

Armour
 a - a +0 robe (worn)
Scrolls
 b - a scroll of teleportation {unknown}


   Skills:
 * Level 1.1 Fighting
 * Level 1.9 Dodging
 + Level 1.7 Stealth
 * Level 3.2 Spellcasting
 * Level 4.2 Necromancy


You had 7 spell levels left.
You knew the following spells:

 Your Spells              Type           Power      Damage    Failure   Level
a - Pain                  Necr           64%        1d7       3%          1

Your spell library contained the following spells:

 Spells                   Type           Power      Damage    Failure   Level
 Animate Skeleton         Necr           32%        N/A       3%          1
 Vampiric Draining        Necr           16%        2d7       10%         3
 Animate Dead             Necr           8%         N/A       30%         4
 Tukima's Dance           Hex            2%         N/A       50%         3
 Agony                    Necr           16%        N/A       65%         5
 Passage of Golubria      Tloc           2%         N/A       88%         4
 Yara's Violent Unravell  Hex/Tmut       1%         3d3       99%         5


Dungeon Overview and Level Annotations

Branches:
Dungeon (2/15)

Altars:

Annotations:
D:2 Jessica


Innate Abilities, Weirdness & Mutations

You are immune to poison.
Your flesh is cold resistant. (rC+)
You are immune to negative energy. (rN+++)
You are immune to unholy pain and torment.
You are vulnerable to heat. (rF-)
You do not drink.


Message History

The gnoll hits you with a +0 spear.
Aiming: Pain (safe; 3% risk of failure)
Press: ? - help, Q - select action Shift-Dir - straight line, f/p - gnoll
Aim: a gnoll, wielding a +0 spear (moderately wounded, chance to affect: 80%)
The gnoll writhes in agony.
The gnoll hits you with a +0 spear.
* * * LOW HITPOINT WARNING * * *
Casting: Pain (safe; 3% risk of failure)
Confirm with . or Enter, or press ? or * to list all spells.
Okay, then.
Unknown command.
Casting: Pain (safe; 3% risk of failure)
Confirm with . or Enter, or press ? or * to list all spells.
Aiming: Pain (safe; 3% risk of failure)
Press: ? - help, Shift-Dir - straight line, f/p - gnoll
Aim: a gnoll, wielding a +0 spear (heavily wounded, chance to affect: 80%)
The gnoll writhes in agony.
The gnoll barely misses you.
Casting: Pain (safe; 3% risk of failure)
Confirm with . or Enter, or press ? or * to list all spells.
Aiming: Pain (safe; 3% risk of failure)
Press: ? - help, Shift-Dir - straight line, f/p - gnoll
Aim: a gnoll, wielding a +0 spear (severely wounded, chance to affect: 80%)
The gnoll writhes in agony.
The gnoll barely misses you.
Unknown command.
Casting: Pain (safe; 3% risk of failure)
Confirm with . or Enter, or press ? or * to list all spells.
You don't have enough magic to cast this spell.
Unknown command.
You hit the gnoll.
The gnoll is almost dead.
The gnoll barely misses you.
Casting: Pain (safe; 3% risk of failure)
Confirm with . or Enter, or press ? or * to list all spells.
Aiming: Pain (safe; 3% risk of failure)
Press: ? - help, Shift-Dir - straight line, f/p - gnoll
Aim: a gnoll, wielding a +0 spear (almost dead, chance to affect: 80%)
You miscast Pain.
You are very lightly contaminated with residual magic.
Nothing appears to happen.
The gnoll hits you with a +0 spear.
You die...

##.#.......#..##.###############.
#.##########'##'##..............
##.#### #......#...###########
......# #......#...# ......#
#......#...# ......#
#......#...## ##+######
#...........# ........#
#...........# .....(..#
#....@......# ........#
#...).g.....# ........#
#...........# ........#
#......###### ........# ##......#
........# #......## ........#
#.###### ........# #.# #########
#.#


You could see a gnoll.

Vanquished Creatures
  A gnoll (D:1)
  6 bats
  2 endoplasms
  A giant cockroach (D:1)
  2 goblins
  4 hobgoblins
  A quokka (D:1)
  A ball python (D:2)
  2 frilled lizards (D:1)
  A kobold (D:1)
  3 rats
24 creatures vanquished.

Notes
Turn   | Place    | Note
-------+----------+-------------------------------------------
     0 | D:1      | Gabide the Mummy Necromancer began the quest for the Orb.
     0 | D:1      | Reached XP level 1. HP: 13/13 MP: 4/4
   149 | D:1      | Reached XP level 2. HP: 20/20 MP: 1/5
  1104 | D:2      | Reached skill level 1 in Fighting
  1123 | D:2      | Noticed Jessica
  1163 | D:1      | Reached XP level 3. HP: 9/26 MP: 1/7
  1485 | D:1      | Slain by a gnoll

Illustrated notes

Levels and vault maps discovered:
D:1:      minmay_arrival_open_corners, layout_basic, dk_noncrumbling_2
D:2:      minmay_evil_eye, layout_basic, shapermc_ecumenical_altar_totnotflames,
          uniq_jessica

Skill      XL: |  1  2 |
---------------+-------+-----
Spellcasting   | 3 |  3.2
Fighting       | 1 |  1.1
Dodging        | |  1.9
Stealth        | |  1.7
Necromancy     | |  4.2

Action                   || total
-------------------------++-------
Melee: Unarmed           ||    13
 Cast: Pain              ||    54
Armor: Robe              ||     6
Dodge: Dodged            ||    33
